Map: 赛博森林-天梯版

Players

SpeCial

  • Race: Terran Terran

MeomaikA - Winner!

  • Race: Zerg Zerg
  • League: Bronze

Event: WESG 2018 Grand Finals

VOD

Have the link to the VOD?

Description

Time

  • Played on: March 11, 2019, 5:09 a.m.
  • Length: 11:15

All games in this series

Show
View Real Time Build Order
Export as new Build Order

SpeCial Terran 

Build Orders: Reaper Expand 

Get SALT Encoding   

  12  0:00  SCV  
  13  0:13  SCV  
  14  0:17  Supply Depot  
  14  0:25  SCV  
  15  0:39  Barracks, SCV  
  16  0:43  Refinery  
  16  0:51  SCV  
  17  1:04  SCV  
  18  1:19  SCV  
  19  1:30  Reaper  
  19  1:31  Orbital Command  
  20  1:43  Command Center  
  20  1:50  Supply Depot  
  20  1:57  SCV  
  21  2:03  Marine  
  22  2:09  Factory  
  22  2:16  Bunker  
  22  2:20  SCV  
  22  2:22  Marine  
  24  2:29  Refinery  
  23  2:34  SCV  
  24  2:42  Marine  
  25  2:46  SCV  
  25  2:49  Bunker  
  26  2:52  Factory Tech Lab  
  26  2:54  Orbital Command  
  26  2:59  SCV  
  26  3:00  Marine  
  28  3:10  Supply Depot  
  28  3:15  Cyclone  
  28  3:18  SCV  
  32  3:21  SCV  
  32  3:25  Barracks Reactor  
  33  3:33  Starport  
  33  3:36  SCV x2  
  35  3:48  SCV x2  
  37  3:51  Siege Tank  
  37  3:54  Supply Depot  
  40  4:00  SCV  
  40  4:01  Marine x2  
  43  4:03  SCV  
  44  4:12  Medivac, SCV  
  44  4:15  SCV  
  44  4:16  Supply Depot  
  48  4:18  Supply Depot  
  48  4:21  Marine x2  
  49  4:24  SCV  
  43  4:34  Orbital Command  
  43  4:36  Siege Tank  
  32  4:38  Marine  
  32  4:39  Marine  
  32  4:41  SCV  
  32  4:44  Liberator  
  33  4:53  SCV  
  33  4:56  Marine  
  33  4:58  Command Center  
  35  5:06  SCV  
  39  5:07  Orbital Command  
  39  5:13  Marine  
  40  5:18  SCV  
  41  5:25  Marine  
  42  5:30  SCV  
  42  5:31  Marine  
  42  5:33  SCV  
  45  5:36  Siege Tank  
  43  5:43  SCV  
  43  5:45  SCV  
  43  5:46  Marine  
  43  5:49  Marine  
  42  5:55  SCV  
  43  5:57  SCV, Supply Depot  
  44  6:07  SCV  
  44  6:09  SCV  
  46  6:13  Orbital Command  
  46  6:19  SCV  
  46  6:20  Engineering Bay  
  46  6:21  SCV  
  48  6:26  Barracks  
  48  6:27  Barracks, Marine  
  48  6:30  Stimpack  
  48  6:31  SCV, Factory Reactor  
  50  6:33  SCV  
  50  6:34  Starport Reactor  
  50  6:39  Supply Depot  
  51  6:43  Supply Depot, SCV  
  51  6:45  SCV  
  51  6:46  SCV  
  54  6:48  Marine  
  54  6:51  Terran Infantry Weapons Level 1  
  52  6:55  SCV  
  52  6:57  SCV  
  52  6:58  SCV  
  55  7:10  SCV  
  55  7:11  SCV  
  55  7:13  SCV  
  58  7:17  Refinery x2  
  58  7:22  Factory Tech Lab  
  58  7:23  Marine x5, SCV  
  58  7:26  Medivac  
  58  7:29  Medivac  
  68  7:31  Barracks  
  68  7:33  Barracks  
  68  7:34  Missile Turret  
  68  7:35  Missile Turret  
  68  7:39  Factory Reactor  
  68  7:41  Marine x4  
  68  7:43  SCV x2  
  74  7:48  Supply Depot  
  72  7:54  Marine  
  72  7:57  Missile Turret  
  73  7:59  Marine x2  
  73  8:01  SCV  
  73  8:02  SCV  
  73  8:04  Marine x2  
  79  8:07  Medivac x2  
  79  8:10  Supply Depot  
  79  8:12  Marine  
  83  8:16  Marine x2  
  83  8:17  Widow Mine x2  
  83  8:19  Barracks Reactor  
  90  8:22  Marine x2  
  90  8:25  Barracks Reactor  
  91  8:30  Marine  
  92  8:34  Marine x2  
  92  8:35  Orbital Command  
  92  8:39  SCV  
  95  8:44  Widow Mine x2  
  95  8:47  Terran Infantry Armor Level 1  
  99  8:50  SCV  
  99  8:51  SCV  
  99  8:52  Marine x2  
  99  8:53  Medivac x2, Marine, Supply Depot x2  
  108  9:02  SCV  
  109  9:09  Armory  
  109  9:12  Engineering Bay  
  109  9:14  Marine x5  
  109  9:15  SCV x3  
  118  9:21  Marine x3  
  121  9:26  Marauder  
  121  9:27  SCV x2  
  101  9:32  Medivac x2, Marine x2, Widow Mine x2  
  104  9:39  Marine x5  
  104  9:43  Marine  
  108  9:47  Marauder  
  108  9:50  Marine x2  
  99  9:56  Marine x2  
  99  9:57  Marine x3  
  92  10:01  Marine  
  87  10:08  Marine x3  
  87  10:10  Widow Mine  
  80  10:14  Marine x3  
  80  10:15  Marine x2  
  80  10:23  Marine  
  80  10:26  Marine x3  
  77  10:32  Marine x4  
  71  10:40  Marine  
  71  10:41  Marine  
  56  10:43  Marine x2  
  56  10:48  Marine  
  53  10:54  Marine x4  
Show
View Real Time Build Order
Export as new Build Order

MeomaikA Zerg - Winner!

Build Orders: Pool First 

Get SALT Encoding   

  12  0:00  Drone  
  13  0:08  Drone  
  14  0:18  Overlord  
  14  0:26  Overlord  
  14  0:36  Drone x2  
  16  0:50  Spawning Pool  
  16  0:55  Drone  
  16  1:03  Drone  
  17  1:06  Drone  
  18  1:23  Extractor  
  17  1:37  Zergling x2  
  17  1:38  Zergling x4  
  17  1:39  Queen, Roach Warren  
  21  1:53  Drone  
  22  1:56  Extractor  
  22  2:18  Roach x2, Hatchery  
  25  2:28  Drone  
  26  2:32  Drone  
  27  2:43  Drone  
  28  2:47  Overlord, Drone x2  
  30  2:53  Metabolic Boost  
  30  3:02  Overlord  
  30  3:07  Zergling x2  
  30  3:12  Queen  
  31  3:15  Zergling x2  
  31  3:19  Zergling x2  
  35  3:22  Zergling x2  
  36  3:27  Zergling x4  
  36  3:30  Zergling x2  
  39  3:39  Zergling x2  
  40  3:42  Zergling x2  
  41  3:49  Zergling x2  
  41  3:51  Zergling x2  
  41  3:54  Zergling x2  
  44  3:57  Zergling x4  
  44  3:58  Ravager  
  44  4:02  Zergling x2  
  46  4:04  Zergling x2  
  47  4:12  Zergling x2  
  47  4:13  Zergling x2  
  49  4:23  Zergling x2  
  49  4:25  Zergling x2  
  42  4:34  Drone  
  42  4:35  Drone x2  
  42  4:37  Drone  
  44  4:38  Drone  
  44  4:39  Drone x3  
  44  4:44  Lair  
  48  4:47  Drone  
  48  4:50  Drone  
  50  4:53  Extractor  
  50  4:56  Extractor  
  50  4:57  Drone  
  50  4:58  Drone  
  50  5:03  Drone  
  50  5:05  Overlord  
  51  5:19  Drone x2  
  51  5:24  Drone x4, Extractor  
  54  5:30  Drone  
  53  5:41  Drone  
  53  5:42  Drone  
  50  5:43  Drone x3  
  50  5:44  Drone  
  50  5:45  Drone  
  50  5:46  Drone  
  51  5:53  Spire  
  51  5:55  Zergling x2  
  50  5:58  Zergling x2  
  50  6:03  Zergling x4  
  54  6:04  Zergling x2  
  54  6:06  Overlord  
  54  6:08  Zergling x2  
  55  6:24  Zergling x8  
  58  6:28  Zergling x2  
  58  6:29  Zergling x2  
  60  6:33  Zergling x4  
  61  7:07  Mutalisk x3  
  66  7:09  Overlord  
  66  7:13  Zerg Flyer Weapons Level 1  
  66  7:21  Hatchery  
  66  7:22  Mutalisk  
  67  7:25  Overlord  
  67  7:27  Mutalisk  
  67  7:28  Mutalisk x3  
  75  7:40  Overlord  
  75  7:48  Mutalisk x4  
  75  7:49  Overlord  
  83  7:51  Overlord  
  83  7:57  Overlord x2  
  83  8:02  Mutalisk x2  
  83  8:03  Zergling x4  
  89  8:06  Queen, Extractor  
  89  8:10  Zergling x2  
  91  8:15  Mutalisk  
  93  8:24  Zergling x8  
  93  8:25  Zergling x6  
  100  8:30  Mutalisk  
  102  8:37  Mutalisk  
  102  8:39  Zergling x2  
  105  8:45  Overlord  
  105  8:46  Zergling x4  
  107  8:49  Mutalisk  
  107  8:51  Zergling x2  
  107  8:52  Zergling x4  
  107  8:53  Zergling x4  
  114  8:55  Extractor  
  114  8:57  Mutalisk  
  114  8:59  Zergling x2  
  116  9:03  Zergling x2  
  116  9:06  Mutalisk  
  119  9:12  Zergling x2  
  119  9:13  Zergling x6  
  123  9:17  Mutalisk  
  123  9:19  Zergling x2  
  123  9:20  Zergling x2  
  127  9:30  Zergling x2  
  127  9:31  Zergling x4  
  113  9:32  Zergling x2  
  113  9:35  Mutalisk  
  113  9:37  Zergling x2  
  107  9:38  Zergling x2  
  107  9:39  Zergling x2  
  101  9:46  Mutalisk x2  
  101  9:49  Mutalisk  
  101  9:52  Zergling x2  
  94  9:54  Zergling x2  
  94  9:58  Zergling x2  
  94  10:00  Zergling x4  
  94  10:04  Zergling x2  
  94  10:06  Zergling x2  
  96  10:10  Zergling x2  
  91  10:15  Mutalisk  
  91  10:18  Mutalisk  
  93  10:21  Mutalisk  
  93  10:24  Mutalisk  
  93  10:26  Mutalisk  
  99  10:34  Mutalisk  
  99  10:35  Mutalisk  
  91  10:41  Zergling x4  
  91  10:42  Zergling x2  
  92  10:43  Zergling x2  
  92  10:47  Mutalisk  
  93  10:50  Drone  
  93  10:52  Drone  
Tags
 
Add a new tag
Caveats
  • Supply blocks, unpowered buildings, or Contaminate may cause inaccurate times.
  • Supply counts are checked every 10 seconds.